 Dungeon Crawl Stone Soup version 0.30-a0-1050-g2766ea1e55 (webtiles) character file.

Game seed: 3876478058799090999

241529 minbekrie the Shatterer (level 19, -2/116 HPs)
             Began as a Gargoyle Fighter on Apr 10, 2023.
             Was the Champion of Okawaru.
             Killed from afar by an ironbound thunderhulk (16 damage)
             ... with a bolt of lightning
             ... on level 1 of the Vaults on Apr 11, 2023.
             The game lasted 02:43:08 (45795 turns).

minbekrie the Shatterer (Gargoyle Fighter)         Turns: 45795, Time: 02:43:08

Health: -2/116     AC: 38    Str: 31      XL:     19   Next: 36%
Magic:  19/19      EV: 10    Int: 10      God:    Okawaru [******]
Gold:   1387       SH: 19    Dex: 18 (21) Spells: 18/18 levels left

rFire   + . .      SeeInvis .    a - +9 demon whip (heavy)
rCold   + . .      Faith    .    z - +0 kite shield
rNeg    + + +      Spirit   .    G - +4 plate armour
rPois   ∞          Reflect  +    (helmet restricted)
rElec   +          Rampage  .    P - +0 cloak of Riulien {Dex+3}
rCorr   +                        m - +1 pair of gloves of Limitation {Will++ Str+8}
Will    ++++.                    T - +2 pair of boots of Boredom {Fly rF+ rC+} Stlth
                                 q - amulet of reflection
HPRegen 0.39/turn                f - ring of Kusouc {rN+++ Will+ Dex+5 Stlth-}
MPRegen 0.16/turn                c - ring of resist corrosion

@: flying, studying Maces & Flails
A: sickness immunity, AC +14, big wings, negative energy resistance 1,
electricity resistance, torment resistance 1, petrification resistance, horns 1,
deformed body
}: 2/15 runes: barnacled, gossamer
a: Renounce Religion, Heroism, Finesse, Duel


You were on level 1 of the Vaults.
You worshipped Okawaru.
Okawaru was exalted by your worship.
You visited 6 branches of the dungeon, and saw 30 of its levels.
You also visited: Ice Cave.

You collected 4050 gold pieces.
You spent 2663 gold pieces at shops.

Inventory:

Hand Weapons
 a - a +9 heavy demon whip (weapon)
 b - the +7 mace of the Growing Visionary {flame, +Blink Dex+5}
   (Okawaru gifted it to you on level 2 of the Shoals)

   Dex:       It affects your dexterity (+5).
   +Blink:    It lets you blink.
 W - the +4 eveningstar of the Screaming Stoat {drain, rF+ rCorr Int-5}
   (Okawaru gifted it to you on level 3 of the Spider Nest)

   Int:       It affects your intelligence (-5).
   rF:        It protects you from fire.
   rCorr:     It protects you from acid and corrosion.
 Z - the +5 mace of the Hidden Vale {vamp, rPois}
   (Okawaru gifted it to you on level 4 of the Shoals)

   rPois:     It protects you from poison.
Missiles
 d - a boomerang of dispersal (quivered)
 p - 3 curare-tipped darts
 N - 7 silver javelins
 O - 8 throwing nets
 R - 7 atropa-tipped darts
Armour
 m - the +1 pair of gloves of Limitation (worn) {Will++ Str+8}
   (Okawaru gifted it to you on level 4 of the Lair of Beasts)

   Str:       It affects your strength (+8).
   Will:      It greatly increases your willpower.
 z - a +0 kite shield (worn)
 G - a +4 plate armour (worn)
 P - the +0 cloak of Riulien (worn) {Dex+3}
   (Okawaru gifted it to you on level 1 of the Orcish Mines)

   Dex:       It affects your dexterity (+3).
 T - the +2 pair of boots of Boredom (worn) {Fly rF+ rC+}
   (Okawaru gifted it to you on level 14 of the Dungeon)

   rF:        It protects you from fire.
   rC:        It protects you from cold.
   Fly:       It grants you flight.
Jewellery
 c - a ring of resist corrosion (right hand)
 f - the ring of Kusouc (left hand) {rN+++ Will+ Dex+5 Stlth-}
   (You acquired it on level 1 of the Spider Nest)

   [ring of willpower]

   Dex:       It affects your dexterity (+5).
   rN:        It renders you almost immune to negative energy.
   Will:      It increases your willpower.
   Stlth:     It makes you less stealthy.
 i - a +6 ring of dexterity
 q - an amulet of reflection (around neck)
 A - a +4 ring of slaying
 C - a ring of positive energy
 M - a ring of protection from fire
 S - a ring of protection from cold
 Y - a +6 ring of intelligence
Wands
 h - a wand of flame (7)
 s - a wand of mindburst (3)
 w - a wand of iceblast (8)
 B - a wand of paralysis (21)
 H - a wand of polymorph (7)
 V - a wand of digging (5)
Scrolls
 e - 6 scrolls of poison
 k - 15 scrolls of teleportation
 l - 6 scrolls of fog
 o - 5 scrolls of fear
 u - a scroll of blinking
 y - a scroll of identify
 D - 7 scrolls of magic mapping
 J - a scroll of silence
 X - 3 scrolls of enchant weapon
Potions
 g - 2 potions of invisibility
 j - a potion of resistance
 n - a potion of berserk rage
 r - 6 potions of lignification
 t - 5 potions of attraction
 v - 8 potions of heal wounds
 x - 4 potions of cancellation
 F - 15 potions of curing
 I - 6 potions of haste
 K - 4 potions of ambrosia
 L - 7 potions of might
Miscellaneous
 E - a piece from Xom's chessboard (15/15)
 Q - a piece from Xom's chessboard (15/15)
 U - a piece from Xom's chessboard (15/15)


   Skills:
 - Level 12.0 Fighting
 + Level 22.8 Maces & Flails
 - Level 8.0 Throwing
 - Level 16.0 Armour
 - Level 5.0 Dodging
 - Level 16.0 Shields
 - Level 14.0 Evocations


You had 18 spell levels left.
You didn't know any spells.
Your spell library contained the following spells:

 Spells                   Type           Power      Damage    Failure   Level
 Magic Dart               Conj           0%         1d3       97%         1
 Blink                    Tloc           0%         N/A       99%         2
 Ensorcelled Hibernation  Hex/Ice        0%         N/A       99%         2
 Lesser Beckoning         Tloc           0%         N/A       99%         2
 Momentum Strike          Conj/Tloc      0%         3d8       99%         2
 Passwall                 Tmut/Erth      0%         N/A       99%         2
 Frozen Ramparts          Ice            0%         1d1       100%        3
 Gell's Gravitas          Tloc           0%         N/A       100%        3
 Ignite Poison            Fire/Tmut/Pois 0%         N/A       100%        3
 Inner Flame              Hex/Fire       0%         N/A       100%        3
 Mephitic Cloud           Conj/Pois/Air  0%         N/A       100%        3
 Swiftness                Air            0%         N/A       100%        3
 Teleport Other           Tloc           0%         N/A       100%        3
 Dispel Undead            Necr           0%         3d6       100%        4
 Flame Wave               Conj/Fire      0%         2d4       100%        4
 Ice Form                 Ice/Tmut       0%         N/A       100%        4
 Passage of Golubria      Tloc           0%         N/A       100%        4
 Sticky Flame             Conj/Fire      0%         2d3       100%        4
 Blade Hands              Tmut           0%         N/A       100%        5
 Fireball                 Conj/Fire      0%         3d3       100%        5
 Iskenderun's Battlesphe  Conj           0%         2d6       100%        5
 Yara's Violent Unravell  Hex/Tmut       0%         3d3       100%        5
 Conjure Ball Lightning   Conj/Air       0%         3x3d6     100%        6
 Dispersal                Tloc           0%         N/A       100%        6
 Iron Shot                Conj/Erth      0%         9d1       100%        6
 Orb of Destruction       Conj           0%         9d5       100%        7
 Ignition                 Fire           0%         3d3       100%        8
 Call Imp                 Summ           Unusable   N/A       N/A         2
 Cigotuvi's Dreadful Rot  Necr/Pois/Air  Unusable   N/A       N/A         2
 Tukima's Dance           Hex            Unusable   N/A       N/A         3
 Animate Armour           Summ/Erth      Unusable   N/A       N/A         4
 Summon Ice Beast         Ice/Summ       Unusable   N/A       N/A         4
 Death Channel            Necr           Unusable   N/A       N/A         6

Dungeon Overview and Level Annotations

Branches:
Dungeon (14/15)            Temple (0/1) D:6            Lair (5/5) D:9
 Shoals (4/4) Lair:2       Spider (4/4) Lair:3        Slime (0/5) Lair:4
    Orc (2/2) D:12            Elf (0/3) Orc:2        Vaults (1/5) D:13
  IceCv (visited)

Altars:
Ashenzari
Cheibriados
Elyvilon
Fedhas
Hepliaklqana
Kikubaaqudgha
Nemelex Xobeh
Okawaru
Qazlal
Ru
Trog
Uskayaw
Vehumet
Wu Jian
Yredelemnul
Zin
Jiyva

Shops:
D:3 !   D:4 [   D:5 ((   D:8 [   D:9 (   D:10 *   D:11 :   D:12 (   Orc:1 (
Orc:2 :*[(!

Portals:
Abyss: D:10

Annotations:
D:3 1 runed translucent door
D:11 1 runed translucent door
D:12 2 transporters, adept's ghost, journeyman TrFi
D:13 3 runed translucent doors, Sermion's ghost, journeyman HOBe


Innate Abilities, Weirdness & Mutations

You are immune to sickness and miasma.
Your stone body is resilient. (AC +14)
You are immune to poison.
Your large and strong wings let you fly.
You resist negative energy. (rN+)
You are resistant to electric shocks. (rElec)
You are resistant to unholy torment.
You are immune to petrification.
You have a pair of small horns on your head.
Armour fits poorly on your strangely shaped body.


Message History

The ironbound frostheart calls freezing cold from the walls.
The frost grips you. You resist.
You thrash the ironbound frostheart!!
You kill the ironbound frostheart!
Okawaru accepts your kill.
You whack the ironbound frostheart! You headbutt the ironbound frostheart.
The ironbound frostheart is moderately wounded.
The ironbound frostheart calls freezing cold from the walls.
The frost grips you!! You resist.
An ironbound thunderhulk comes into view.
It is wielding a +0 great mace.
You thrash the ironbound frostheart!!
The ironbound frostheart is severely wounded.
The ice encasing you melts away.
A yaktaur comes into view.
Electricity crackles from the ironbound thunderhulk's apparatus.
The bolt of lightning hits you! You resist.
The ironbound frostheart touches you but does no damage.
You thrash the ironbound frostheart!!
You kill the ironbound frostheart!
Okawaru accepts your kill.
You block the ironbound thunderhulk's attack.
Items here: )))))) [[[[[[[[ †††††.
The ironbound thunderhulk attacks as you move away!
The ironbound thunderhulk hits you with a +0 great mace.
Electricity crackles from the ironbound thunderhulk's apparatus.
The bolt of lightning hits you! You resist.
Electricity crackles from the ironbound thunderhulk's apparatus.
The bolt of lightning hits you! You resist.
* * * LOW HITPOINT WARNING * * *
Electricity crackles from the ironbound thunderhulk's apparatus.
The bolt of lightning hits you! You resist.
* * * LOW HITPOINT WARNING * * *
Electricity crackles from the ironbound thunderhulk's apparatus.
The bolt of lightning hits you! You resist.
* * * LOW HITPOINT WARNING * * *
You reach down and open the door.
There is an open door here.
Electricity crackles from the ironbound thunderhulk's apparatus.
The bolt of lightning hits you! You resist.
You die...

#[........# #..cO.###
#######'#######
#..#####..##
#.#..#...#..#.##.
########.# ##'##'######'##
.........# #.#..#†..#..#.#
########O# #.#..#...#..#.#
#..#####O.##
#########'###'# #.....###
#.#.........#.#########O###
#.#.⌠..>..⌠.#.'.@...Oc....#
'.#.........#.'...........#
#)###'#########...........#
#)#..#...#..#.#...........#
#.#..#...#..#.'...........#
##'######'##'##...........#
#.#..#...#..#.#########+###
############### #


You could see 2 ironbound thunderhulks and a yaktaur.

Vanquished Creatures
  Saint Roka (Vaults:1)
  Nikola (Shoals:1)
  A lich (D:11)
  An Ice Fiend (IceCv)
  A titan (Shoals:4)
  Polyphemus (Shoals:4)
  4 emperor scorpions
  A vault warden (Vaults:1)
  4 ghost moths
  3 broodmothers
  3 very ugly things (Vaults:1)
  An orc warlord (Orc:2)
  2 ironbound preservers (Vaults:1)
  Nessos (Lair:4)
  The ghost of Okey the Cleaver, a journeyman DDFi of Okawaru (Lair:4)
  2 spark wasps (Spider:4)
  Snorg (D:11)
  An ettin (D:11)
  4 merfolk javelineers (Shoals:4)
  7 merfolk impalers (Shoals:4)
  Fannar (Lair:3)
  5 entropy weavers
  7 jorogumos
  An ice dragon (Lair:5)
  4 caustic shrike simulacra (IceCv)
  Harold (Orc:1)
  7 hydras
  3 centaur warriors
  An ogre mage (D:10)
  A radroach (Spider:2)
  5 vault guards
  2 ironbound frosthearts (Vaults:1)
  2 alligator snapping turtles (Shoals:4)
  2 satyrs (Shoals:4)
  A catoblepas (Shoals:4)
  6 two-headed ogres
  The ghost of jt the Cleaver, a novice AtMo of Vehumet (D:10)
  8 merfolk aquamancers
  A tengu warrior (D:14)
  9 death yaks
  6 boulder beetles
  Urug (D:11)
  4 orc high priests (Orc:2)
  A thrashing horror (D:10)
  A sun demon (D:10)
  The ghost of MirrMurr the Marksspriggan, a journeyman SpHu of Okawaru (D:11)
  Sonja (D:12)
  2 skysharks
  A pharaoh ant (Spider:2)
  4 sun moths
  3 skeletal warriors (D:11)
  9 deep trolls (Vaults:1)
  2 sea snakes
  10 orb spiders
  The ghost of Xtruder99 the Covert, a novice OpTm (D:8)
  2 obsidian statues (IceCv)
  6 steelbarb worms
  2 ironbound convokers (Vaults:1)
  3 bog bodies (IceCv)
  14 harpies
  A phantasmal warrior (D:11)
  4 deep elf zephyrmancers (Orc:1)
  A necromancer (D:11)
  3 lindwurms
  6 deep elf pyromancers
  4 orc knights
  6 fauns
  4 orc sorcerers
  12 wolf spiders
  3 ugly things
  11 manticores
  4 cyclopes
  2 moths of wrath
  13 elephants
  4 merfolk sirens
  5 black mambas
  A toenail golem (D:10)
  8 water nymphs
  2 ice statues (Shoals:3)
  4 demonic crawlers
  9 cane toads
  11 torpor snails
  2 gargoyles
  Psyche (D:8)
  A rime drake (shapeshifter) (D:13)
  An unseen horror (D:10)
  2 ice devils (IceCv)
  A kobold demonologist (D:11)
  3 freezing wraiths (IceCv)
  3 rime drakes
  7 komodo dragons
  An efreet (D:14)
  A tengu conjurer (D:14)
  4 golden dragon simulacra (IceCv)
  4 trolls
  3 meliai (Spider:2)
  4 tyrant leeches (Lair:5)
  9 wind drakes
  13 hornets
  Prince Ribbit (D:8)
  27 merfolk
  25 tarantellas
  3 raiju
  11 polar bears
  24 blink frogs
  5 snapping turtles
  11 dream sheep
  14 slime creatures
  2 shadows
  39 jumping spiders
  A centaur simulacrum (D:11)
  4 air elementals
  3 vampires
  31 water elementals
  20 culicivoras
  22 yaks
  5 wyverns
  4 wraiths
  6 basilisks
  64 redbacks
  Menkaure (D:6)
  2 steam dragons
  12 vampire mosquitoes
  7 wargs
  A minotaur simulacrum (IceCv)
  3 hydra simulacra (IceCv)
  12 water moccasins
  5 acid dragons
  15 hell hounds (Lair:5)
  44 orc warriors
  6 ice beasts
  13 black bears
  4 sky beasts
  An ettin simulacrum (IceCv)
  14 ogres
  8 centaurs
  16 wolves
  6 kobold brigands
  3 phantoms
  13 bullfrogs
  7 necrophages (Lair:3)
  6 gnoll sergeants
  3 scorpions
  5 wights (D:6)
  A hornet simulacrum (D:11)
  A lindwurm simulacrum (IceCv)
  7 killer bees
  An oklob sapling (D:6)
  12 electric eels
  6 hounds
  5 jellies
  21 orc priests
  5 gnoll boudas
  6 hell rats (Lair:2)
  8 iguanas
  32 orc wizards
  45 gnolls
  24 adders
  4 shadow imps
  4 white imps
  5 ufetubi (D:11)
  A worm (D:5)
  7 dart slugs
  113 orcs
  10 ball pythons
  6 bats
  6 endoplasms
  4 giant cockroaches
  7 goblins
  9 hobgoblins
  10 jackals
  6 quokkas
  5 frilled lizards
  A goblin zombie (D:3)
  14 kobolds
  A kobold zombie (D:3)
  7 rats
  A bush (Lair:4)
1285 creatures vanquished.

Vanquished Creatures (others)
  A merfolk aquamancer (Shoals:4)
  A harpy (Shoals:4)
  A small abomination (D:10)
  An electric eel (Orc:1)
  50 fungi
  165 plants
219 creatures vanquished.

Grand Total: 1504 creatures vanquished

Notes
Turn   | Place    | Note
-------+----------+-------------------------------------------
     0 | D:1      | minbekrie the Gargoyle Fighter began the quest for the Orb.
     0 | D:1      | Reached XP level 1. HP: 14/14 MP: 1/1
    83 | D:1      | Reached XP level 2. HP: 19/19 MP: 2/2
   221 | D:1      | Found a faded altar of an unknown god.
   536 | D:1      | Reached XP level 3. HP: 24/24 MP: 3/3
   822 | D:2      | Reached skill level 3 in Maces & Flails
   822 | D:2      | You fall into a shaft and drop 1 floor!
  1360 | D:2      | Reached XP level 4. HP: 30/30 MP: 4/4
  2241 | D:3      | Found a runed translucent door.
  2241 | D:3      | Noticed a human
  2245 | D:3      | Found a basalt altar of Yredelemnul.
  2259 | D:3      | Found Romnago's Distillery.
  2538 | D:3      | Reached XP level 5. HP: 34/34 MP: 5/5
  2595 | D:3      | Reached skill level 5 in Fighting
  2666 | D:3      | Reached skill level 4 in Maces & Flails
  2695 | D:3      | Found a hide-covered altar of Uskayaw.
  3625 | D:4      | Noticed a kobold brigand
  3642 | D:4      | Killed a kobold brigand
  3643 | D:4      | Reached skill level 5 in Maces & Flails
  3643 | D:4      | Reached XP level 6. HP: 40/40 MP: 6/6
  3754 | D:4      | Reached skill level 1 in Dodging
  3785 | D:4      | Found Bieskyor's Armour Shop.
  4160 | D:4      | Reached XP level 7. HP: 13/44 MP: 7/7
  4596 | D:5      | Entered Level 5 of the Dungeon
  4627 | D:5      | Reached skill level 6 in Maces & Flails
  4946 | D:5      | Reached skill level 5 in Shields
  5344 | D:5      | Found an iron altar of Okawaru.
  5344 | D:5      | Found an ancient bone altar of Kikubaaqudgha.
  5348 | D:5      | Became a worshipper of Warmaster Okawaru
  5487 | D:5      | Found Yskioraps's Weapon Shop.
  5493 | D:5      | Reached skill level 7 in Maces & Flails
  5601 | D:5      | Reached XP level 8. HP: 43/49 MP: 8/8
  5744 | D:5      | Reached skill level 8 in Maces & Flails
  5808 | D:5      | Found Ginnioss's Weapon Emporium.
  5815 | D:5      | Bought a +0 great mace of protection for 117 gold pieces
  5943 | D:5      | Identified the +4 long sword "Rilaogaf" {speed, rF+ Str+4
                  | Int+3}
  6040 | D:6      | Found a staircase to the Ecumenical Temple.
  6088 | D:6      | Reached * piety under Okawaru
  6093 | D:6      | Found a stormy altar of Qazlal.
  6093 | D:6      | Found a blossoming altar of Fedhas.
  6667 | D:6      | Found a transporter.
  6667 | D:6      | Noticed a boulder beetle
  6670 | D:6      | Noticed a wraith
  6671 | D:6      | Found a transporter.
  6673 | D:6      | Noticed a boulder beetle
  6679 | D:6      | Noticed a wyvern
  6689 | D:6      | Found an ornate altar of the Wu Jian Council.
  6892 | D:6      | Noticed Menkaure
  6898 | D:6      | Killed Menkaure
  6899 | D:6      | Reached skill level 9 in Maces & Flails
  6899 | D:6      | Reached skill level 5 in Armour
  6899 | D:6      | Reached XP level 9. HP: 31/55 MP: 9/9
  7396 | D:6      | Identified the ring of the Evening {Wiz rElec rF+ rN+
                  | Int+2}
  7907 | D:6      | Reached ** piety under Okawaru
  8222 | D:6      | Noticed a gargoyle
  8435 | D:6      | Reached skill level 10 in Maces & Flails
  8995 | D:6      | Killed a gargoyle
  9152 | D:6      | Reached skill level 11 in Maces & Flails
  9329 | D:6      | Reached *** piety under Okawaru
  9374 | D:6      | Reached XP level 10. HP: 39/60 MP: 10/10
 10417 | D:7      | Found a radiant altar of Vehumet.
 10588 | D:7      | Reached skill level 12 in Maces & Flails
 11041 | D:7      | Found a glowing silver altar of Zin.
 11045 | D:7      | Reached **** piety under Okawaru
 11322 | D:8      | Noticed Psyche
 11335 | D:8      | Killed Psyche
 11376 | D:8      | Found a runed translucent gate.
 11377 | D:8      | Found a runed translucent gate.
 11378 | D:8      | Found a runed translucent gate.
 11379 | D:8      | Noticed Xtruder99's ghost (novice OpTm)
 11470 | D:8      | Found a white marble altar of Elyvilon.
 11682 | D:8      | Noticed Prince Ribbit
 11694 | D:8      | Killed Prince Ribbit
 12050 | D:8      | Found Huive Piti's Antique Armour Emporium.
 12175 | D:8      | Bought a shiny helmet for 240 gold pieces
 12175 | D:8      | Bought a pair of embroidered boots for 240 gold pieces
 12418 | D:9      | Found a hazy altar of Hepliaklqana.
 12784 | D:9      | Reached skill level 13 in Maces & Flails
 12819 | D:9      | Found a sacrificial altar of Ru.
 12825 | D:9      | Found a snail-covered altar of Cheibriados.
 13064 | D:9      | Found Ymipp's Antique Weapon Emporium.
 13087 | D:9      | Bought a bloodstained mace for 184 gold pieces
 13087 | D:9      | Identified the +7 mace of Dusitab {flame, rF+} (You bought
                  | it in a shop on level 9 of the Dungeon)
 13120 | D:9      | Reached XP level 11. HP: 64/64 MP: 11/11
 13178 | D:9      | Found a staircase to the Lair.
 13224 | D:9      | Found a bloodstained altar of Trog.
 13433 | Lair:1   | Entered Level 1 of the Lair of Beasts
 13506 | Lair:1   | Reached skill level 14 in Maces & Flails
 13605 | Lair:1   | Reached ***** piety under Okawaru
 13606 | Lair:1   | Reached skill level 1 in Evocations
 14295 | Lair:2   | Received a gift from Okawaru
 14361 | Lair:2   | Reached skill level 10 in Armour
 14570 | Lair:2   | Noticed a four-headed hydra
 14579 | Lair:2   | Killed a four-headed hydra
 14648 | Lair:2   | Found a staircase to the Shoals.
 14887 | Lair:2   | You fall into a shaft and drop 1 floor!
 14887 | Lair:3   | Noticed Fannar
 14922 | Lair:3   | Killed Fannar
 14984 | Lair:3   | Reached skill level 5 in Evocations
 15052 | Lair:3   | Reached XP level 12. HP: 64/70 MP: 12/12
 15133 | Lair:3   | Received a gift from Okawaru
 15713 | Lair:3   | Reached ****** piety under Okawaru
 15793 | Lair:3   | Found a hole to the Spider Nest.
 15798 | Lair:3   | Received a gift from Okawaru
 16099 | Lair:4   | Found a staircase to the Slime Pits.
 16192 | Lair:4   | Noticed a death yak
 16193 | Lair:4   | Noticed a death yak
 16194 | Lair:4   | Noticed a death yak
 16227 | Lair:4   | Noticed Nessos
 16307 | Lair:4   | Noticed Okey's ghost (journeyman DDFi)
 16307 | Lair:4   | Found a runed translucent door.
 16354 | Lair:4   | Reached skill level 10 in Fighting
 16358 | Lair:4   | Noticed a death yak
 16370 | Lair:4   | Killed a death yak
 16370 | Lair:4   | Identified the +1 pair of gloves of Limitation {Will++
                  | Str+8} (Okawaru gifted it to you on level 4 of the Lair of
                  | Beasts)
 16370 | Lair:4   | Received a gift from Okawaru
 16374 | Lair:4   | Reached XP level 13. HP: 82/83 MP: 13/13
 17129 | Lair:4   | Killed Nessos
 17250 | Lair:4   | Found a sparkling altar of Nemelex Xobeh.
 17786 | Lair:4   | Killed Okey's ghost
 17818 | Lair:5   | Entered Level 5 of the Lair of Beasts
 17851 | Lair:4   | Identified the +5 ring mail of the Gate {-Tele Drain Fly
                  | rN+++} (Okawaru gifted it to you on level 4 of the Lair of
                  | Beasts)
 17851 | Lair:4   | Received a gift from Okawaru
 17937 | Lair:5   | Reached skill level 15 in Maces & Flails
 18287 | D:3      | Bought a potion of might for 52 gold pieces
 18287 | D:3      | Bought a potion of resistance for 130 gold pieces
 18287 | D:3      | Bought 2 potions of heal wounds for 130 gold pieces
 18287 | D:3      | Bought a potion of berserk rage for 65 gold pieces
 18882 | D:8      | Gained mutation: Your large and strong wings let you fly.
                  | [Gargoyle growth]
 18882 | D:8      | Reached XP level 14. HP: 88/92 MP: 14/14
 18890 | D:8      | Killed Xtruder99's ghost
 18941 | D:10     | Entered Level 10 of the Dungeon
 19070 | D:10     | Found a transporter.
 19086 | D:10     | Found a transporter.
 19228 | D:10     | Found Kifias's Neck Hole.
 19306 | D:10     | Noticed jt's ghost (novice AtMo)
 19634 | D:11     | Noticed MirrMurr's ghost (journeyman SpHu)
 19635 | D:11     | Noticed a lich
 19651 | D:11     | Noticed Urug
 19667 | D:11     | Killed Urug
 20042 | D:11     | Found a runed translucent door.
 20054 | D:11     | Found a runed translucent door.
 20074 | D:11     | Found Redghila's Vocational Training.
 20152 | D:11     | Noticed Snorg
 20179 | D:11     | Killed Snorg
 20179 | D:11     | Received a gift from Okawaru
 20835 | D:12     | Reached skill level 16 in Maces & Flails
 21401 | D:12     | Found a transporter.
 21403 | D:12     | Noticed adept's ghost (journeyman TrFi)
 21405 | D:12     | Found a transporter.
 21405 | D:12     | Noticed a vampire knight
 21453 | D:12     | Found a staircase to the Orcish Mines.
 21506 | D:12     | Found Leilucet's Weapon Shop.
 21508 | D:12     | Noticed Sonja
 21513 | D:12     | Found a blossoming altar of Fedhas.
 21533 | D:12     | Killed Sonja
 21828 | D:12     | Reached skill level 10 in Shields
 22124 | D:13     | Found a runed translucent gate.
 22124 | D:13     | Found a runed translucent gate.
 22124 | D:13     | Found a runed translucent gate.
 22126 | D:13     | Noticed a rockslime
 22127 | D:13     | Noticed a rockslime
 22127 | D:13     | Noticed Sermion's ghost (journeyman HOBe)
 22154 | D:13     | Found a viscous altar of Jiyva.
 22154 | D:13     | Identified a scroll of acquirement
 22343 | D:13     | Reached skill level 5 in Dodging
 22563 | D:13     | Found a gate to the Vaults.
 23453 | D:14     | Found a broken altar of Ashenzari.
 23701 | D:14     | Reached skill level 1 in Throwing
 23724 | D:14     | Reached XP level 15. HP: 94/96 MP: 15/15
 23824 | D:14     | Identified the +2 pair of boots of Boredom {Fly rF+ rC+}
                  | (Okawaru gifted it to you on level 14 of the Dungeon)
 23824 | D:14     | Received a gift from Okawaru
 25095 | Lair:5   | Reached skill level 5 in Throwing
 25294 | Lair:5   | Identified the +1 longbow of the Hierophant {freeze, rPois
                  | rN+ Str-5}
 25401 | Lair:5   | Identified the +0 chain mail of Lafrim {rPois Str-5 Int+3
                  | Dex+2}
 25661 | Lair:5   | Found a runed translucent door.
 26435 | D:11     | Bought a manual of Evocations for 1040 gold pieces
 26761 | Shoals:1 | Entered Level 1 of the Shoals
 26931 | Shoals:1 | Received a gift from Okawaru
 26986 | Shoals:1 | Noticed Nikola
 27002 | Shoals:1 | Killed Nikola
 28048 | Shoals:2 | Received a gift from Okawaru
 28302 | Shoals:2 | Reached skill level 10 in Evocations
 28398 | Shoals:2 | Identified the +7 mace of the Growing Visionary {flame,
                  | +Blink Dex+5} (Okawaru gifted it to you on level 2 of the
                  | Shoals)
 28398 | Shoals:2 | Received a gift from Okawaru
 28399 | Shoals:2 | Reached XP level 16. HP: 101/101 MP: 16/16
 28710 | Shoals:2 | Identified the +2 mace "Duywim" {venom, Drain rC+ Str+4
                  | Stlth+}
 29011 | Shoals:3 | Found a frozen archway.
 29158 | IceCv    | Entered an ice cave
 29469 | IceCv    | Reached skill level 17 in Maces & Flails
 29851 | IceCv    | Noticed an Ice Fiend
 29856 | IceCv    | Killed an Ice Fiend
 30059 | Shoals:3 | Received a gift from Okawaru
 30642 | Shoals:4 | Entered Level 4 of the Shoals
 30680 | Shoals:4 | Received a gift from Okawaru
 30793 | Shoals:4 | Identified the +0 pair of gloves of Tefuch {+Blink rPois}
                  | (Okawaru gifted it to you on level 4 of the Shoals)
 30793 | Shoals:4 | Received a gift from Okawaru
 30794 | Shoals:4 | Found a stormy altar of Qazlal.
 31206 | Shoals:4 | Paralysed by an air elemental for 1 turns
 31451 | Shoals:4 | Paralysed by an air elemental for 1 turns
 31455 | Shoals:4 | Paralysed by an air elemental for 1 turns
 31461 | Shoals:3 | Paralysed by an air elemental for 1 turns
 31642 | Shoals:4 | Reached skill level 18 in Maces & Flails
 32177 | Shoals:4 | Received a gift from Okawaru
 32259 | Shoals:4 | Reached XP level 17. HP: 106/106 MP: 17/17
 32407 | Shoals:4 | Noticed a titan
 32442 | Shoals:4 | Killed a titan
 32461 | Shoals:4 | Received a gift from Okawaru
 32698 | Shoals:4 | Identified the +3 dagger "Wusojopn" {venom, rC++ rCorr
                  | MP+9}
 32710 | Shoals:4 | Got a barnacled rune of Zot
 33169 | Shoals:4 | Reached skill level 19 in Maces & Flails
 33463 | Shoals:4 | Identified the +5 mace of the Hidden Vale {vamp, rPois}
                  | (Okawaru gifted it to you on level 4 of the Shoals)
 33463 | Shoals:4 | Received a gift from Okawaru
 33678 | Shoals:4 | Noticed Polyphemus
 33690 | Shoals:4 | Killed Polyphemus
 34318 | D:10     | Killed jt's ghost
 34418 | D:10     | Found a one-way gate to the infinite horrors of the Abyss.
 34529 | D:11     | Killed MirrMurr's ghost
 34552 | D:11     | Killed a lich
 34584 | D:11     | Identified the staff of air "Roumn" {rElec rPois rN+++
                  | Will- Dex-3}
 34731 | Orc:1    | Entered Level 1 of the Orcish Mines
 34914 | Orc:1    | Found Enosm's Weapon Shoppe.
 34984 | Orc:1    | Identified the +0 cloak of Riulien {Dex+3} (Okawaru gifted
                  | it to you on level 1 of the Orcish Mines)
 34984 | Orc:1    | Received a gift from Okawaru
 35044 | Orc:1    | Noticed Harold
 35052 | Orc:1    | Killed Harold
 35506 | Orc:2    | Entered Level 2 of the Orcish Mines
 35852 | Orc:2    | Found a staircase to the Elven Halls.
 35990 | Orc:2    | Found Nishromia's Distillery.
 36009 | Orc:2    | Bought a potion of haste for 130 gold pieces
 36132 | Orc:2    | Gained mutation: Armour fits poorly on your strangely
                  | shaped body. [a neqoxec]
 36158 | Orc:2    | Gained mutation: You have a pair of small horns on your
                  | head. [a neqoxec]
 36823 | Orc:2    | Found Wuirril's General Store.
 36824 | Orc:2    | Found Qemalapt's Book Shop.
 36826 | Orc:2    | Found Koenuer's Antique Armour Shop.
 36826 | Orc:2    | Found Putixag's Antique Weapon Boutique.
 36831 | Orc:2    | Bought a potion of heal wounds for 55 gold pieces
 36842 | Orc:2    | Bought a brightly glowing mace for 280 gold pieces
 36842 | Orc:2    | Identified the +2 mace of the Foot {vamp, Fragile rPois
                  | rF++ Str+4} (You bought it in a shop on level 2 of the
                  | Orcish Mines)
 37383 | Spider:1 | Entered Level 1 of the Spider Nest
 37756 | Spider:1 | Reached XP level 18. HP: 101/112 MP: 18/18
 38315 | Spider:1 | Acquired the ring of Kusouc {rN+++ Will+ Dex+5 Stlth-}
 38641 | Spider:2 | Received a gift from Okawaru
 38897 | Spider:2 | Received a gift from Okawaru
 38936 | Spider:2 | Reached skill level 15 in Armour
 38943 | Spider:2 | Reached skill level 15 in Shields
 41024 | Spider:3 | Identified the +4 eveningstar of the Screaming Stoat
                  | {drain, rF+ rCorr Int-5} (Okawaru gifted it to you on level
                  | 3 of the Spider Nest)
 41024 | Spider:3 | Received a gift from Okawaru
 41744 | Spider:4 | Entered Level 4 of the Spider Nest
 42957 | Spider:4 | Reached skill level 20 in Maces & Flails
 42985 | Spider:4 | Received a gift from Okawaru
 43770 | Spider:4 | Reached XP level 19. HP: 100/116 MP: 19/19
 43791 | Spider:4 | Reached skill level 21 in Maces & Flails
 44083 | Spider:4 | Got a gossamer rune of Zot
 44426 | Vaults:1 | Entered Level 1 of the Vaults
 44435 | Vaults:1 | Noticed Saint Roka
 44472 | Vaults:1 | Killed Saint Roka
 44988 | Vaults:1 | Received a gift from Okawaru
 45085 | Vaults:1 | HP: 5/116 [enormous slime creature (26)]
 45514 | Vaults:1 | Reached skill level 22 in Maces & Flails
 45795 | Vaults:1 | Killed from afar by an ironbound thunderhulk

Illustrated notes

Levels and vault maps discovered:
D:1:      saegor_arrival_simple_a, layout_basic,
          shapermc_ecumenical_altar_notcrosses
D:2:      layout_basic, serial_co_window_serial, co_window_corner_a,
          co_window_corner_a, co_window_of_opportunity_a, co_window_paths_a,
          co_window_of_opportunity_a, co_window_paths_a, co_window_paths_a,
          co_window_of_opportunity_b, co_window_corner_b,
          co_window_unsneaky_path_d, glass_columns_b, glass_columns_b,
          glass_columns_c, glass_columns_b, glass_columns_a
D:3:      minmay_thinvault, layout_basic, amcnicky_altar_gilded,
          dk_yredelemnul_ordeal, serial_shops, shop, serial_glass,
          glass_columns_a, glass_columns_a, glass_columns_c, glass_columns_b,
          item_on_display_a, due_unseen_surprise, minmay_misc_feat_plants
D:4:      layout_rooms, serial_shops, shop, lightli_minifort
D:5:      layout_rooms, gammafunk_temple_overflow_wave, serial_shops,
          nicolae_shop_competitors_out_of_business,
          nicolae_shop_bloodbath_and_beyond
D:6:      kennysheep_windowed_halls, layout_basic,
          grunt_temple_overflow_forces_of_nature,
          gammafunk_temple_overflow_arena, minmay_temple_entry_oklob,
          uniq_menkaure
D:7:      layout_loops_corners, overflow_temple_1_default,
          nicolae_vehumet_altar_sigil, kennysheep_generic_room_6
D:8:      layout_gridville, nicolae_elyvilon_temple_path, gammafunk_ghost_split,
          serial_shops, nicolae_inconvenience_store, hellmonk_bongcloud_opening,
          nrook_loot_triangle, uniq_psyche, uniq_prince_ribbit1
D:9:      layout_cross, trog_antimagical, hangedman_ru_absence,
          cheibriados_altar_1, mainiacjoe_overflow_catwalk, david_lair_shrubbed,
          serial_gnoll_camp, gnoll_camp_mini_doghouse, gnoll_camp_mini_house,
          gnoll_camp_mini_loothouse, gnoll_camp_mini_shop, gnoll_camp_huts_basic
D:10:     layout_rooms, gammafunk_ghost_abyssal_escape,
          nicolae_shop_sticking_my_neck_out
D:11:     layout_long_grid, muffindrake_ghost_dual_entry, serial_ice,
          serial_ice_a, serial_ice_m, serial_ice_j, serial_ice_b, serial_ice_f,
          serial_ice_c, nicolae_shop_vocational, uniq_urug, uniq_snorg
D:12:     layout_loops_ring, hiddenorc1_lemuel, gammafunk_ghost_mausoleum,
          serial_shops, shop, fedhas_altar_2, uniq_sonja
D:13:     layout_long_grid, david_vaults_5, gammafunk_ghost_ooze,
          kennysheep_generic_room_8
D:14:     layout_irregular_city, grunt_decor_arrowhead,
          nicolae_ashenzari_skybound
Lair:1:   layout_loops_ring, grunt_forest_stairs_basic, disabler_island
Lair:2:   layout_regular_city, minmay_shoals_entry_hut, lemuel_fruit_tree
Lair:3:   layout_loops_ring, spider_nest_entry_funnel_web, roderic_carrion_pond,
          uniq_fannar
Lair:4:   minmay_lair_venomous_thicket, layout_misc_corridors, slime_entry_1,
          basic_altar, hellmonk_ghost_happy_afterlife, uniq_nessos
Lair:5:   hangedman_lair_caniforms_friends, layout_gridlike, wormcave
Shoals:1: layout_shoals, uniq_nikola
Shoals:2: layout_shoals
Shoals:3: layout_shoals, portal_ice_cave_entry_ice_statue_two,
          nicolae_shoals_wave_tunnel
Shoals:4: shoals_end_hellmonk_storm_palace [storm_palace_center_ruins,
          storm_palace_corner_grid, storm_palace_corner_reverse_hut,
          storm_palace_corner_pillars, storm_palace_corner_altar],
          uniq_polyphemus
Spider:1: layout_spider_delve
Spider:2: layout_spider_delve
Spider:3: layout_spider_delve
Spider:4: spider_rune_water, nicolae_spider_world_wide_web
Orc:1:    layout_caves, serial_shops, nicolae_shop_statue_plus,
          elves_outpost_lemuel, uniq_harold
Orc:2:    st_orc_congregation, layout_diamond_mine, serial_shops, shop
Vaults:1: v_alt_pattern_6, nicolae_vaults_ninety_degrees,
          hangedman_vaults_nails, ontoclasm_vaults_claustrophobia, v_pattern_3,
          grunt_vaults_trifunnel, v_misc_19, v_misc_17, vaults_room_pool,
          v_misc_1, nicolae_vaults_theta, nicolae_vaults_holding_cells,
          nicolae_vaults_little_squares_5, layout_vaults_maze_bifur, uniq_aizul,
          uniq_saint_roka

Skill      XL: |  1  2  3  4  5  6  7  8  9 10 11 12 13 14 15 16 17 18 19 |
---------------+----------------------------------------------------------+-----
Fighting       | 4 5 6 10 12 | 12.0
Maces & Flails | 3 5 7 9 11 13 14 15 16 18 19 20 22 | 22.8
Dodging        | 1 5 |  5.0
Shields        | 4 5 8 11 12 14 16 | 16.0
Armour         | 5 6 8 11 12 14 16 | 16.0
Evocations     | 5 7 8 10 14 | 14.0
Throwing       | 1 8 |  8.0

Action                     |  1- 3 |  4- 6 |  7- 9 | 10-12 | 13-15 | 16-18 | 19-21 || total
---------------------------+-------+-------+-------+-------+-------+-------+-------++-------
  Melee: Flail             |   124 |   251 |   118 |       |       |       |       ||   493
         Great mace        |       |       |   232 |    11 |       |       |       ||   243
         Dire flail        |       |       |       |   539 |       |       |       ||   539
         Demon whip        |       |       |       |    65 |  1006 |  1496 |   159 ||  2726
         Headbutt          |       |       |       |       |       |   156 |    42 ||   198
  Throw: Dart              |       |     4 |    10 |       |       |     4 |       ||    18
         Javelin           |       |     2 |       |       |       |     3 |       ||     5
         Boomerang         |       |       |       |       |       |     2 |       ||     2
 Invoke: Heroism           |       |       |       |       |     1 |       |       ||     1
  Evoke: Wand              |       |       |       |     3 |     7 |    16 |       ||    26
    Use: Scroll            |       |       |       |    34 |    12 |     5 |     1 ||    52
         Potion            |       |       |       |     1 |     4 |     5 |     2 ||    12
   Stab: Petrified         |       |       |       |       |       |     8 |       ||     8
         Petrifying        |       |       |       |       |       |     1 |       ||     1
 Armour: Scale mail        |    59 |       |       |       |       |       |       ||    59
         Ring mail         |     8 |   128 |   177 |       |       |       |       ||   313
         Plate armour      |       |       |    65 |   470 |   482 |   930 |    70 ||  2017
  Dodge: Dodged            |    72 |   131 |   163 |   196 |   217 |   429 |    16 ||  1224
  Block: Buckler           |    21 |    53 |    23 |       |       |       |       ||    97
         Other             |       |       |       |    52 |       |       |       ||    52
         Kite shield       |       |       |       |    64 |   806 |  1407 |   120 ||  2397
         Reflection        |       |       |       |     1 |    34 |    43 |       ||    78

Table legend: (Time is in decaauts)
 A = Elapsed time spent in this place.
 B = Non-inter-level travel time spent in this place.
 C = Inter-level travel time spent in this place.
 D = Time resting spent in this place.
 E = Time spent auto-exploring this place.
 F = Levels seen in this place.
 G = Mean time per level.
                   A        B        C        D        E       F      G
               +--------+--------+--------+--------+--------+-----+--------+
         Total |  45627 |  40421 |   5206 |  12723 |  16810 |  31 | 1471.8 |
       Dungeon |  20580 |  17789 |   2791 |   4460 |   8673 |  14 | 1470.0 |
          Lair |   7374 |   6227 |   1147 |   1143 |   3176 |   5 | 1474.8 |
        Shoals |   6528 |   5826 |    702 |   1721 |   2609 |   4 | 1632.0 |
   Spider Nest |   6782 |   6442 |    340 |   3510 |   1515 |   4 | 1695.5 |
  Orcish Mines |   2186 |   2007 |    179 |    594 |    638 |   2 | 1093.0 |
        Vaults |   1360 |   1316 |     44 |    910 |    134 |   1 | 1360.0 |
      Ice Cave |    814 |    814 |      0 |    384 |     64 |   1 |  814.0 |
               +--------+--------+--------+--------+--------+-----+--------+

Top non-repeatable levels by time:
     D:6: 4164 daAuts
Shoals:4: 2549 daAuts
Spider:4: 2376 daAuts
     D:5: 2082 daAuts
  Lair:5: 1849 daAuts
  Lair:4: 1717 daAuts
Spider:3: 1716 daAuts
Spider:2: 1708 daAuts
Shoals:3: 1671 daAuts
     D:3: 1555 daAuts
     D:8: 1496 daAuts
  Lair:3: 1479 daAuts
    D:11: 1379 daAuts
Vaults:1: 1360 daAuts
    D:12: 1332 daAuts
